Map: Ruins of Endion

Players

Pokebunny - Winner!

  • Race: Terran Terran
  • League: Grandmaster

Hunch

  • Race: Zerg Zerg
  • League: Master

VOD

Have the link to the VOD?

Description

Time

  • Played on: April 4, 2016, 11:17 p.m.
  • Length: 8:56
Show
View Real Time Build Order
Export as new Build Order

Pokebunny Terran - Winner!

Build Orders: Command Center First (CC), MMM Bio 

Get SALT Encoding   

  12  0:00  SCV  
  13  0:13  SCV  
  14  0:18  Supply Depot  
  14  0:25  SCV  
  15  0:40  SCV  
  16  0:52  SCV  
  17  1:00  Command Center  
  17  1:04  SCV  
  18  1:14  Barracks  
  19  1:18  SCV  
  19  1:23  Refinery  
  19  1:29  Refinery  
  19  1:33  SCV  
  20  1:45  SCV  
  21  2:02  Orbital Command, Marine  
  22  2:15  Factory  
  22  2:18  Orbital Command  
  22  2:22  Barracks Reactor  
  22  2:27  SCV  
  23  2:40  SCV  
  24  2:45  SCV  
  25  2:52  SCV  
  25  2:57  Supply Depot  
  26  3:03  Starport  
  26  3:06  Hellion x2, Barracks Tech Lab  
  26  3:08  SCV x2  
  32  3:21  Barracks x2  
  32  3:25  Stimpack  
  32  3:27  Marine  
  32  3:31  SCV x2  
  37  3:41  Hellion  
  37  3:42  Hellion, Starport Tech Lab  
  33  4:05  Hellion  
  33  4:06  Hellion  
  33  4:07  Supply Depot  
  28  4:25  Supply Depot  
  28  4:29  SCV  
  29  4:35  SCV  
  30  4:41  Marine x2  
  30  4:47  Hellion  
  32  4:54  SCV  
  32  4:55  SCV  
  32  4:57  Medivac  
  36  5:06  Barracks Reactor  
  36  5:10  Marine  
  36  5:11  SCV  
  36  5:12  SCV  
  39  5:19  Factory Tech Lab, Supply Depot  
  39  5:25  SCV  
  39  5:26  SCV  
  41  5:28  Supply Depot, Medivac  
  41  5:34  Combat Shields  
  43  5:43  Marine x3  
  43  5:44  Marine  
  43  5:47  SCV  
  43  5:48  SCV  
  49  5:54  Siege Tank  
  52  5:58  Medivac  
  52  6:01  SCV  
  52  6:02  SCV  
  56  6:16  Marine x5  
  61  6:20  Supply Depot  
  61  6:21  Supply Depot  
  61  6:25  SCV  
  62  6:42  Siege Tank, Marine x2, SCV  
  62  6:43  Marine x3  
  71  7:00  Marine  
  70  7:02  Medivac  
  70  7:03  Marine x4  
  70  7:06  SCV x2  
  72  7:18  Marine  
  72  7:19  Siege Tank  
  72  7:21  Marine  
  77  7:26  SCV  
  77  7:27  Refinery  
  77  7:28  Command Center  
  78  7:50  Supply Depot  
  78  8:11  Marine x5, SCV  
  84  8:17  Engineering Bay  
  84  8:18  Engineering Bay  
  84  8:25  Starport Reactor  
  84  8:29  Marine  
  82  8:34  Marine  
  82  8:35  Marine x2  
  85  8:43  SCV x2  
  86  8:51  Supply Depot  
Show
View Real Time Build Order
Export as new Build Order

Hunch Zerg 

Build Orders: Hatch First, Muta Ling Bane 

Get SALT Encoding   

  12  0:00  Drone  
  13  0:09  Drone  
  14  0:17  Extractor  
  14  0:19  Drone  
  14  0:20  Extractor  
  13  0:22  Drone  
  16  0:29  Overlord  
  16  0:49  Hatchery  
  15  0:52  Drone  
  15  0:55  Drone  
  17  0:59  Drone  
  18  1:09  Extractor  
  17  1:14  Spawning Pool  
  16  1:18  Drone  
  16  1:20  Drone  
  18  1:26  Drone  
  19  1:37  Overlord  
  19  1:52  Drone  
  20  2:00  Drone  
  20  2:01  Drone, Queen x2  
  26  2:10  Metabolic Boost  
  26  2:12  Drone  
  26  2:13  Drone  
  28  2:21  Drone  
  29  2:26  Drone  
  30  2:30  Baneling Nest  
  30  2:31  Drone  
  30  2:35  Overlord  
  30  2:43  Zergling x2  
  31  2:44  Zergling x2  
  32  2:52  Zergling x2  
  32  2:54  Zergling x2  
  34  3:03  Zergling x2  
  36  3:05  Zergling x2  
  36  3:12  Zergling x10  
  41  3:13  Zergling x2  
  41  3:16  Hatchery  
  41  3:23  Baneling x2  
  41  3:26  Baneling x2  
  41  3:28  Zergling x4  
  41  3:32  Baneling x2  
  43  3:34  Baneling  
  43  3:37  Zergling x2  
  43  3:40  Overlord  
  40  4:02  Zergling x14  
  42  4:05  Drone  
  42  4:09  Zergling x2  
  39  4:18  Zergling x4  
  41  4:28  Drone x2  
  41  4:29  Queen  
  41  4:30  Drone  
  46  4:35  Drone  
  42  4:53  Drone x8  
  42  4:57  Drone, Roach Warren  
  42  4:58  Queen, Extractor  
  51  5:03  Spore Crawler  
  50  5:11  Overlord x2  
  50  5:14  Drone x4  
  53  5:24  Lair  
  53  5:26  Drone x3, Extractor  
  55  5:31  Drone x3  
  58  5:40  Drone x4  
  62  5:48  Extractor  
  61  5:50  Roach, Extractor  
  61  5:51  Roach x3, Evolution Chamber  
  67  6:00  Spore Crawler  
  67  6:01  Spore Crawler  
  65  6:05  Drone x3  
  68  6:11  Overlord x3  
  68  6:19  Zerg Missile Weapons Level 1, Overlord x2  
  68  6:25  Spire  
  67  6:29  Centrifical Hooks  
  67  6:31  Drone  
  68  6:35  Drone x2  
  68  6:37  Drone x2  
  72  6:45  Evolution Chamber  
  68  6:50  Zergling x2  
  68  6:51  Zergling x10  
  69  7:00  Zergling x4  
  69  7:01  Zergling x6  
  60  7:16  Zergling x12  
  60  7:17  Zergling x4  
  66  7:38  Overlord  
  66  7:39  Overlord  
  66  7:42  Mutalisk x4  
  72  7:46  Baneling x3  
  72  7:47  Mutalisk  
  74  7:52  Mutalisk  
  74  7:55  Zergling x6  
  78  8:03  Baneling  
  78  8:04  Baneling x5  
  77  8:05  Zergling x4  
  77  8:06  Zergling x4  
  77  8:08  Overlord  
  81  8:16  Zergling x2  
  54  8:37  Zergling x4  
  54  8:38  Zergling x4  
Tags
 
Add a new tag
Caveats
  • Supply blocks, unpowered buildings, or Contaminate may cause inaccurate times.
  • Supply counts are checked every 10 seconds.